 Dungeon Crawl Stone Soup version 0.30-a0-1161-g0704695555 (webtiles) character file.

Game seed: 7455809906519917602

10289 themarg the Summoner (level 11, -2/90 HPs)
             Began as a Merfolk Summoner on Apr 28, 2023.
             Was a Priest of Sif Muna.
             Succumbed to a tengu warrior's poison
             ... on level 8 of the Dungeon.
             The game lasted 00:37:06 (11968 turns).

themarg the Summoner (Merfolk Summoner)            Turns: 11968, Time: 00:37:06

Health: -2/90      AC:  7    Str:  9    XL:     11   Next: 59%
Magic:  8/18       EV: 14    Int: 18    God:    Sif Muna [***...]
Gold:   261        SH:  0    Dex: 15    Spells: 6/20 levels left

rFire   . . .        G - +0 trident
rCold   . . .        (no shield)
rNeg    . . .        a - +0 robe
rPois   +            y - +0 helmet
rElec   .            D - +0 cloak
rCorr   .            m - +0 pair of gloves
SInv    .            e - +1 pair of boots
Will    .....        (no amulet)
Stlth   ++           p - ring of poison resistance
HPRegen 0.35/turn    x - ring of wizardry
MPRegen 0.16/turn

%: wizardry (x1)
@: lethally poisoned (-2 -> -39)
A: (nimble swimmer 2), mertail
a: Renounce Religion, Channel Magic, Forget Spell


You were on level 8 of the Dungeon.
You worshipped Sif Muna.
Sif Muna was most pleased with you.
You visited 2 branches of the dungeon, and saw 9 of its levels.
You also visited: Bailey.

You collected 443 gold pieces.
You spent 182 gold pieces at shops.

Inventory:

Hand Weapons
 G - a +0 trident (weapon)
Missiles
 d - 4 silver javelins
 k - 66 stones
 v - 21 poisoned darts (quivered)
 C - 11 boomerangs
 L - 4 javelins
 N - a throwing net
 O - 6 datura-tipped darts
Armour
 a - a +0 robe (worn)
 e - a +1 pair of boots (worn)
 m - a +0 pair of gloves (worn)
 y - a +0 helmet (worn)
 D - a +0 cloak (worn)
Magical Staves
 u - a staff of conjuration
Jewellery
 f - a ring of protection from cold
 p - a ring of poison resistance (left hand)
 x - a ring of wizardry (right hand)
 H - a +5 ring of evasion
 J - an amulet of guardian spirit
 V - a +6 ring of strength
Wands
 E - a wand of polymorph (2)
 K - a wand of digging (5)
 R - a wand of charming (6)
 T - a wand of iceblast (6)
Scrolls
 c - 9 scrolls of teleportation
 h - a scroll of silence
 n - 4 scrolls of fear
 o - 2 scrolls of blinking
 r - 2 scrolls of vulnerability
 t - 3 scrolls of enchant weapon
 w - a scroll of noise {unknown}
 z - a scroll of torment {unknown}
 B - 5 scrolls of fog
 P - a scroll of enchant armour {unknown}
 S - a scroll of immolation {unknown}
 U - a scroll of identify
Potions
 b - 2 potions of magic
 g - 2 potions of ambrosia
 i - 3 potions of invisibility
 j - a potion of haste {unknown}
 l - a potion of brilliance
 q - 3 potions of mutation {unknown}
 s - a potion of heal wounds
 A - 2 potions of cancellation
 F - a potion of resistance {unknown}
 I - a potion of degeneration {unknown}
 M - a potion of curing
 Q - 2 potions of lignification {unknown}


   Skills:
 - Level 10.0 Fighting
 + Level 6.4 Polearms
 - Level 2.0 Throwing
 - Level 5.0 Dodging
 - Level 3.0 Stealth
 - Level 5.0 Spellcasting
 - Level 10.0 Summonings
 - Level 5.0 Air Magic
 - Level 7.0 Invocations
 - Level 3.0 Evocations


You had 6 spell levels left.
You knew the following spells:

 Your Spells              Type           Power      Damage    Failure   Level
a - Summon Small Mammal   Summ           100%       N/A       1%          1
b - Call Imp              Summ           80%        N/A       1%          2
c - Call Canine Familiar  Summ           40%        N/A       1%          3
d - Summon Lightning Spi  Summ/Air       31%        N/A       2%          4
e - Airstrike             Air            11%        2d(2-18)  7%          4

Your spell library contained the following spells:

 Spells                   Type           Power      Damage    Failure   Level
 Shock                    Conj/Air       52%        1d6       1%          1
 Summon Guardian Golem    Hex/Summ       22%        N/A       1%          3
 Swiftness                Air            22%        N/A       1%          3
 Sandblast                Erth           8%         2d5       5%          1
 Animate Armour           Summ/Erth      44%        N/A       7%          4
 Passwall                 Tmut/Erth      3%         N/A       9%          2
 Portal Projectile        Hex/Tloc       8%         N/A       16%         3
 Stone Arrow              Conj/Erth      8%         3d7       16%         3
 Tukima's Dance           Hex            4%         N/A       16%         3
 Animate Dead             Necr           4%         N/A       45%         4
 Blade Hands              Tmut           2%         N/A       78%         5
 Iron Shot                Conj/Erth      2%         9d2       100%        6
 Haunt                    Necr/Summ      11%        N/A       99%         7
 Infestation              Necr           2%         N/A       100%        8


Dungeon Overview and Level Annotations

Branches:
Dungeon (8/15)             Temple (1/1) D:6          Bailey (visited)
   Lair: D:8-11

Altars:
Ashenzari
Cheibriados
Dithmenos
Elyvilon
Gozag
Hepliaklqana
Kikubaaqudgha
Makhleb
Nemelex Xobeh
Okawaru
Qazlal
Ru
Sif Muna
Trog
Uskayaw
Vehumet
Wu Jian
Xom
Yredelemnul
Zin
The Shining One

Shops:
D:4 ?


Innate Abilities, Weirdness & Mutations

((You are very nimble when in or above water. (Stealth+, EV+, Speed+++)))
Your lower body shifts to a powerful aquatic tail in water.


Message History

The bolt of electricity misses the tengu warrior.
Reach: G) +0 trident
Press: ? - help, Dir - move target, f/p - tengu warrior
Aim: a tengu warrior, wielding a +5 bardiche of venom, wearing a +0 leather armour and wearing the ring of Peotzojaic {Fly rPois rC+ rCorr Stlth+} (heavily wounded, ally target, about 55% to evade your +0 trident)
You reach to attack!
You hit the tengu warrior.
The tengu warrior is severely wounded.
Your wolf bites the tengu warrior.
The bullfrog hits your lightning spire.
Your wolf completely misses the tengu warrior.
The tengu warrior closely misses you.
Reach: G) +0 trident
Press: ? - help, Dir - move target, f/p - tengu warrior
Aim: a tengu warrior, wielding a +5 bardiche of venom, wearing a +0 leather armour and wearing the ring of Peotzojaic {Fly rPois rC+ rCorr Stlth+} (severely wounded, ally target, about 55% to evade your +0 trident)
You reach to attack!
You miss the tengu warrior.
The tengu warrior is severely wounded.
The bullfrog hits your lightning spire.
Your wolf bites the tengu warrior but does no damage.
The tengu warrior hits your wolf with a +5 bardiche of venom!!
Your wolf is poisoned.
The tengu warrior pecks your wolf!
Your wolf dies!
Your wolf's corpse disappears in a puff of smoke!
The tengu warrior shouts!
The bullfrog hits your lightning spire but does no damage. x2
The tengu warrior misses you. The bullfrog hits your lightning spire.
The bullfrog hits your lightning spire but does no damage.
Your hound closely misses the tengu warrior.
Your lightning spire shoots out a bolt of lightning at the bullfrog!
The bolt of electricity hits the bullfrog!
The bullfrog swells and bulges.
The bullfrog hits your lightning spire but does no damage.
A tiny devil pulls itself out of the air.
The bullfrog hits your lightning spire but does no damage.
Your lightning spire shoots out a bolt of lightning at the bullfrog!
The bolt of electricity hits the bullfrog!
Your hound misses the tengu warrior.
The tengu warrior hits you from afar with a +5 bardiche of venom!!
* * * LOW HITPOINT WARNING * * *
You are lethally poisoned!
You die...

.[.....#.....# ##
.⌠~~⌠).#F....##. #.+
.~~~~..'8....... #..
.~~~~..'..##.... ### #.#
.⌠~~⌠..#h..#..# #..##.##
....$..#Q5...# .......#
.......#.....##
.......##########......#
..........#.....@......##
....................##...
.............##.........##
.............##..........
............##..[......#.
)......#....###........#
...).####....#>........#
.##.....#................
...##.....###...........#


You could see a tengu warrior (ally target), a bullfrog (distracted, ally
target), a friendly lightning spire (summoned), a friendly hound (summoned) and
a friendly cerulean imp (summoned).

Vanquished Creatures
  A wraith (D:8)
  A human (Bailey)
  4 yaks
  A steam dragon (D:8)
  A black bear (D:6)
  An ogre (D:5)
  A bullfrog (Bailey)
  A scorpion (D:5)
  A wight (D:8)
  4 killer bees (D:7)
  2 orc wizards (D:6)
  2 adders (D:2)
  3 orcs
  A goblin (D:7)
  2 hobgoblins
  2 kobolds (D:1)
  2 quokkas (D:1)
  3 ball pythons
  2 frilled lizards (D:1)
  2 rats
37 creatures vanquished.

Vanquished Creatures (collateral kills)
  2 vault guards (Bailey)
  A two-headed ogre (D:8)
  A centaur warrior (D:8)
  A deep elf pyromancer (D:8)
  Prince Ribbit (D:6)
  A blink frog (Bailey)
  A shadow (D:6)
  Eustachio (D:6)
  A wyvern (D:8)
  A wraith (D:7)
  A yak (D:7)
  5 humans (Bailey)
  A steam dragon (D:8)
  A vampire mosquito (D:8)
  Edmund (D:6)
  An acid dragon (D:6)
  3 orc warriors
  2 sky beasts
  3 black bears
  5 ogres
  4 centaurs
  3 phantoms
  A kobold brigand (D:7)
  11 bullfrogs
  A scorpion (D:6)
  9 wights
  6 killer bees
  A howler monkey (D:8)
  A jelly (D:7)
  A hound (D:6)
  An orc priest (D:8)
  2 sleepcaps
  An iguana (D:5)
  5 orc wizards
  5 gnolls
  8 adders
  3 white imps
  An ufetubus (D:6)
  A worm (D:2)
  2 dart slugs
  27 orcs
  5 ball pythons
  7 bats
  3 endoplasms
  2 giant cockroaches
  13 goblins
  5 hobgoblins
  11 kobolds
  2 quokkas
  A frilled lizard (D:1)
  11 rats
188 creatures vanquished.

Vanquished Creatures (others)
  An orc (D:8)
  A plant (D:3)
  3 withered plants (D:3)
5 creatures vanquished.

Grand Total: 230 creatures vanquished

Notes
Turn   | Place    | Note
-------+----------+-------------------------------------------
     0 | D:1      | themarg the Merfolk Summoner began the quest for the Orb.
     0 | D:1      | Reached XP level 1. HP: 13/13 MP: 3/3
   301 | D:1      | Reached XP level 2. HP: 19/19 MP: 3/5
   304 | D:1      | Learned a level 2 spell: Call Imp
   841 | D:1      | Reached XP level 3. HP: 24/24 MP: 4/6
   845 | D:1      | Learned a level 3 spell: Call Canine Familiar
  1160 | D:1      | Reached skill level 5 in Summonings
  1684 | D:2      | Reached XP level 4. HP: 30/30 MP: 0/7
  2221 | D:3      | Reached XP level 5. HP: 35/35 MP: 5/8
  3172 | D:3      | Found a faded altar of an unknown god.
  3250 | D:4      | Found Foev's Magic Scroll Emporium.
  3260 | D:4      | Bought a scroll of identify for 28 gold pieces
  3260 | D:4      | Bought a scroll of fear for 56 gold pieces
  3260 | D:4      | Bought a scroll of fog for 56 gold pieces
  3260 | D:4      | Bought a scroll of teleportation for 42 gold pieces
  3346 | D:4      | Noticed a black bear
  3358 | D:4      | Killed a black bear
  3359 | D:4      | Reached XP level 6. HP: 41/41 MP: 2/9
  3944 | D:4      | Reached skill level 1 in Air Magic
  4151 | D:5      | Entered Level 5 of the Dungeon
  4159 | D:5      | Reached XP level 7. HP: 46/46 MP: 3/10
  4840 | D:5      | Reached XP level 8. HP: 52/52 MP: 7/11
  5031 | D:5      | Learned a level 4 spell: Summon Lightning Spire
  5566 | D:6      | Reached skill level 10 in Summonings
  5751 | D:6      | Found a staircase to the Ecumenical Temple.
  5777 | Temple   | Entered the Ecumenical Temple
  5880 | Temple   | Became a worshipper of Sif Muna the Loreminder
  6173 | D:6      | Reached XP level 9. HP: 7/57 MP: 3/15
  6177 | D:6      | HP: 1/55 [wight/+0 war axe (2)]
  6465 | D:6      | Noticed Prince Ribbit
  6471 | D:6      | Killed Prince Ribbit
  6654 | D:6      | Noticed Eustachio
  6668 | D:6      | Reached skill level 5 in Fighting
  6802 | D:6      | Killed Eustachio
  6925 | D:6      | Noticed Edmund
  6933 | D:6      | Killed Edmund
  6934 | D:6      | Reached skill level 5 in Dodging
  7189 | D:7      | Found a flagged portal.
  7203 | D:7      | Reached * piety under Sif Muna
  7459 | Bailey   | Entered a bailey
  7467 | Bailey   | Learned a level 4 spell: Airstrike
  7484 | Bailey   | Reached skill level 5 in Polearms
  7484 | Bailey   | Reached skill level 1 in Invocations
  7637 | Bailey   | Reached XP level 10. HP: 65/74 MP: 1/16
  7642 | Bailey   | Reached skill level 5 in Air Magic
  7861 | Bailey   | Reached skill level 5 in Invocations
  7966 | Bailey   | Noticed a vault guard
  7973 | Bailey   | Noticed a vault guard
  7996 | Bailey   | Killed a vault guard
  8135 | Bailey   | Killed a vault guard
  8616 | D:7      | Reached ** piety under Sif Muna
  9664 | D:8      | Noticed a two-headed ogre
  9668 | D:8      | Reached XP level 11. HP: 87/88 MP: 12/17
  9698 | D:8      | Reached skill level 10 in Fighting
  9701 | D:8      | Killed a two-headed ogre
 10123 | D:8      | Reached skill level 1 in Evocations
 11400 | D:8      | Reached *** piety under Sif Muna
 11476 | D:8      | Noticed a deep elf pyromancer
 11504 | D:8      | Killed a deep elf pyromancer
 11505 | D:8      | Reached skill level 5 in Spellcasting
 11505 | D:8      | Reached skill level 1 in Throwing
 11742 | D:8      | Noticed a centaur warrior
 11754 | D:8      | Killed a centaur warrior
 11954 | D:8      | Identified the ring of Peotzojaic {Fly rPois rC+ rCorr
                  | Stlth+}
 11954 | D:8      | Noticed a tengu warrior
 11968 | D:8      | Succumbed to a tengu warrior's poison

Illustrated notes

Levels and vault maps discovered:
D:1:      sevenhm_arrival_forest_fort_small_3, layout_basic
D:2:      layout_basic, minmay_cut_off
D:3:      layout_basic, shapermc_ecumenical_altar_flowoftime,
          minmay_misc_feat_ornament
D:4:      layout_cave_pools, serial_shops, nicolae_shop_peninsula
D:5:      black_bear_nest_1, layout_basic
D:6:      layout_rooms, minmay_temple_entry_stoned_glass, kb_rosetta,
          uniq_edmund, uniq_prince_ribbit1, uniq_eustachio
D:7:      layout_basic, lightli_bailey_entry_fortress
D:8:      minmay_the_grid_square_5x5_3x3 [minmay_the_grid_square_5x5_eight,
          minmay_the_grid_square_5x5_lines,
          minmay_the_grid_square_5x5_almost_minimal,
          minmay_the_grid_square_5x5_bridge,
          minmay_the_grid_square_5x5_megaprize_open,
          minmay_the_grid_square_5x5_three_small,
          minmay_the_grid_square_5x5_minimal, minmay_the_grid_square_5x5_three,
          minmay_the_grid_square_5x5_half_checkered], layout_cave_pools,
          kennysheep_generic_room_6
Temple:   minmay_crystal_snake_temple

Skill      XL: |  1  2  3  4  5  6  7  8  9 10 11 |
---------------+----------------------------------+-----
Summonings     | 5 6 7 8 10 | 10.0
Air Magic      | 1 3 4 5 |  5.0
Spellcasting   | 4 5 |  5.0
Fighting       | 5 9 10 | 10.0
Dodging        | 5 |  5.0
Stealth        | 3 |  3.0
Polearms       | 5 6 |  6.4
Invocations    | 2 5 7 |  7.0
Evocations     | 3 |  3.0
Throwing       | 2 |  2.0

Action                     |  1- 3 |  4- 6 |  7- 9 | 10-12 || total
---------------------------+-------+-------+-------+-------++-------
  Melee: Short sword       |    47 |    35 |    45 |       ||   127
         Punch             |       |     4 |     1 |     2 ||     7
         Trident           |       |       |    85 |   126 ||   211
         Tailslap          |       |       |     7 |     4 ||    11
  Throw: Dart              |       |       |       |     2 ||     2
   Cast: Summon Small Mamm |    34 |    24 |    15 |       ||    73
         Call Imp          |    10 |    16 |    13 |     3 ||    42
         Call Canine Famil |     4 |    17 |    36 |    46 ||   103
         Summon Lightning  |       |       |    22 |    44 ||    66
         Airstrike         |       |       |       |     3 ||     3
  Evoke: Wand              |       |       |       |     1 ||     1
    Use: Scroll            |       |     8 |     5 |     1 ||    14
         Potion            |       |       |     3 |       ||     3
   Stab: Distracted        |       |       |     5 |     4 ||     9
 Armour: Robe              |    26 |     8 |    17 |    19 ||    70
  Dodge: Dodged            |    37 |    20 |   108 |   108 ||   273

Table legend: (Time is in decaauts)
 A = Elapsed time spent in this place.
 B = Non-inter-level travel time spent in this place.
 C = Inter-level travel time spent in this place.
 D = Time resting spent in this place.
 E = Time spent auto-exploring this place.
 F = Levels seen in this place.
 G = Mean time per level.
                   A        B        C        D        E       F      G
               +--------+--------+--------+--------+--------+-----+--------+
         Total |  11961 |  11539 |    422 |   1162 |   8260 |  10 | 1196.1 |
       Dungeon |  10909 |  10536 |    373 |    852 |   7837 |   8 | 1363.6 |
        Temple |    282 |    233 |     49 |      0 |    212 |   1 |  282.0 |
        Bailey |    768 |    768 |      0 |    310 |    211 |   1 |  768.0 |
               +--------+--------+--------+--------+--------+-----+--------+

Top non-repeatable levels by time:
     D:7: 3027 daAuts
     D:6: 1380 daAuts
     D:5: 1341 daAuts
     D:1: 1306 daAuts
     D:3: 1168 daAuts
     D:8: 1011 daAuts
     D:4: 907 daAuts
  Bailey: 768 daAuts
     D:2: 765 daAuts
  Temple: 282 daAuts
